[Event "8th Dolomiti Open 2017"]
[Site "Forni di Sopra"]
[Date "2017.06.16"]
[Round "8.7"]
[White "Seresin, Francesco"]
[Black "Bifulco, Michel"]
[Result "1/2-1/2"]
[ECO "D45"]
[WhiteElo "2280"]
[BlackElo "2254"]
[Annotator "ChessBase"]
[PlyCount "80"]
[EventDate "2017.??.??"]
[EventType "swiss"]
[EventCountry "ITA"]
[SourceTitle "playchess.com"]
[Source "ChessBase"]
[SourceQuality "1"]
[TimeControl "40/5400+30:1800+30"]

1. d4 d5 2. c4 e6 3. Nc3 c6 4. e3 Nf6 5. Nf3 Nbd7 6. Qc2 Bd6 7. b3 O-O 8. Be2 e5 9. cxd5 cxd5 10. Nb5 Bb4+ 11. Bd2 Bxd2+ 12. Nxd2 a6 13. dxe5 Nxe5 14. Nd4 Bg4 15. O-O Qd6 16. N2f3 Rac8 17. Qb2 Rfd8 18. Rac1 Nfd7 19. Rfd1 Qf6 20. Nxe5 Nxe5 21. Bxg4 Nxg4 22. Qe2 Ne5 23. h3 h6 24. Rc2 Nc6 25. Nxc6 Rxc6 26. Rcd2 Qe6 27. Rd4 Qf5 28. Qg4 Qxg4 29. hxg4 Rc2 30. a4 Rb2 31. Rb4 Rd7 32. Rdd4 Rc7 33. Rf4 f6 34. Rb6 Kf8 35. Rf5 Ke8 36. Rxd5 Rc1+ 37. Kh2 Rxf2 38. Rxb7 Rcc2 39. Rdd7 Rxg2+ 40. Kh3 Rcf2 1/2-1/2

[Event "8th Dolomiti Open 2017"]
[Site "Forni di Sopra"]
[Date "2017.06.16"]
[Round "8.8"]
[White "Herbrechtsmeier, Christof"]
[Black "Henderson de La Fuente, Lance"]
[Result "0-1"]
[ECO "B85"]
[WhiteElo "2240"]
[BlackElo "2365"]
[Annotator "ChessBase"]
[PlyCount "56"]
[EventDate "2017.??.??"]
[EventType "swiss"]
[EventCountry "ITA"]
[SourceTitle "playchess.com"]
[Source "ChessBase"]
[SourceQuality "1"]
[TimeControl "40/5400+30:1800+30"]

1. e4 c5 2. Nf3 e6 3. d4 cxd4 4. Nxd4 Nc6 5. Nc3 Qc7 6. Be2 a6 7. O-O Nf6 8. Be3 Be7 9. f4 d6 10. Qe1 O-O 11. Qg3 Nxd4 12. Bxd4 b5 13. a3 Bb7 14. Bd3 Rad8 15. Rae1 d5 16. Bxf6 Bxf6 17. e5 Be7 18. Nd1 Bc5+ 19. Kh1 f5 20. exf6 Rxf6 21. Ne3 Rdf8 22. Qh3 g6 23. Ng4 Rxf4 24. Rxf4 Qxf4 25. Ne5 Bc8 26. g3 Qg5 27. Qg2 Rf2 28. Qg1 Rxc2 0-1

[Event "8th Dolomiti Open 2017"]
[Site "Forni di Sopra"]
[Date "2017.06.16"]
[Round "8.9"]
[White "De Santis, Alessio"]
[Black "Vezzosi, Paolo"]
[Result "1/2-1/2"]
[ECO "E14"]
[WhiteElo "2242"]
[BlackElo "2333"]
[Annotator "ChessBase"]
[PlyCount "28"]
[EventDate "2017.??.??"]
[EventType "swiss"]
[EventCountry "ITA"]
[SourceTitle "playchess.com"]
[Source "ChessBase"]
[SourceQuality "1"]
[TimeControl "40/5400+30:1800+30"]

1. Nf3 d5 2. c4 e6 3. e3 Nf6 4. b3 Be7 5. Bb2 O-O 6. Nc3 b6 7. Be2 Bb7 8. O-O c5 9. d4 Nbd7 10. a4 Ne4 11. Nxe4 dxe4 12. Ne5 Nxe5 13. dxe5 Qc7 14. Qc2 Rfd8 1/2-1/2